 Seeded DCSS version 0.30.1-4-g462c640d31 (webtiles) character file.

Game seed: 6351066067085065685 (custom seed)

87210 Esekla the Eclecticist (level 15, -14/89 HPs)
             Began as a Deep Elf Necromancer on Aug 20, 2023.
             Was a High Priest of Vehumet.
             Demolished by a broodmother (21 damage)
             ... on level 3 of the Spider Nest on Aug 21, 2023.
             The game lasted 03:19:48 (23497 turns).

Esekla the Eclecticist (Deep Elf Necromancer)      Turns: 23497, Time: 03:19:49

Health: -14/89     AC: 17    Str:  6    XL:     15   Next: 43%
Magic:  25/38      EV:  9    Int: 31    God:    Vehumet [*****.]
Gold:   452        SH:  0    Dex: 18    Spells: 2/49 levels left

rFire   . . .        s - +8 arc blade {discharge, rElec}
rCold   . . .        G - +0 buckler
rNeg    + . .        O - +0 troll leather armour
rPois   +            M - +2 helmet {Int+3}
rElec   +            m - +1 cloak
rCorr   .            N - +0 pair of fencer's gloves {Riposte Dex+3}
SInv    .            L - +1 pair of boots of Piysunuo {Str+3}
Will    +....        y - amulet of magic regeneration
Stlth   +++          j - ring of Greed {rElec rPois rN+ AC+4 Str-2}
HPRegen 1.14/turn    P - ring of the Mage {Wiz Archmagi}
MPRegen 0.66/turn

%: wizardry (x1), archmagi
@: wereblooded (expiring), held, studying Fighting
A: no striking features
a: Renounce Religion


You were on level 3 of the Spider Nest.
You worshipped Vehumet.
Vehumet was extremely pleased with you.
You visited 4 branches of the dungeon, and saw 22 of its levels.
You also visited: Trove and Bailey.

You collected 4478 gold pieces.
You spent 4026 gold pieces at shops.

Inventory:

Hand Weapons
 f - a +4 scimitar of flaming
 r - a +4 trident of venom
 s - the +8 arc blade (weapon) {discharge, rElec}
   (You bought it in a shop on level 4 of the Dungeon)

   rElec:     It insulates you from electricity.
Missiles
 u - 12 boomerangs (quivered)
 H - 6 curare-tipped darts
 K - 60 poisoned darts
Armour
 a - a +2 robe of cold resistance
 m - a +1 cloak (worn)
 G - a +0 buckler (worn)
 L - the +1 pair of boots of Piysunuo (worn) {Str+3}
   (You found it on level 1 of the Spider Nest)

   Str:       It affects your strength (+3).
 M - a +2 helmet of intelligence (worn)
 N - the +0 pair of fencer's gloves (worn) {Riposte Dex+3}
   (You acquired it on level 3 of the Lair of Beasts)

   Riposte:   It allows the wearer to riposte with melee weapons, swiftly
   retaliating against missed or blocked melee attacks.
   Dex:       It affects your dexterity (+3).
 O - a +0 troll leather armour (worn)
Jewellery
 j - the ring of Greed (left hand) {rElec rPois rN+ AC+4 Str-2}
   (You bought it in a shop on level 2 of the Dungeon)

   [ring of protection]

   AC:        It affects your AC (+4).
   Str:       It affects your strength (-2).
   rElec:     It insulates you from electricity.
   rPois:     It protects you from poison.
   rN:        It protects you from negative energy.
 q - an amulet of reflection
 y - an amulet of magic regeneration (around neck)
 P - the ring of the Mage (right hand) {Wiz Archmagi}
   (You bought it in a shop on level 2 of the Dungeon)

   [ring of wizardry]

   It improves your spell success rate.
   Archmagi:  It increases the power of your magical spells.
 Q - a ring of see invisible
 T - the ring of Akemeir {Fire Str+4}
   (You found it in a treasure trove)

   [ring of fire]

   It enhances your fire magic.
   Str:       It affects your strength (+4).
   rF:        It protects you from fire.
   rC:        It makes you vulnerable to cold.
 V - the ring of Descent {rPois rC+ Int+5 Stlth-}
   (You found it in a treasure trove)

   [ring of protection from cold]

   Int:       It affects your intelligence (+5).
   rC:        It protects you from cold.
   rPois:     It protects you from poison.
   Stlth:     It makes you less stealthy.
 W - a ring of ice
Wands
 h - a wand of quicksilver (3)
 t - a wand of roots (18)
 B - a wand of flame (29)
 R - a wand of digging (16)
Scrolls
 c - 4 scrolls of blinking
 n - a scroll of fear
 p - 4 scrolls of fog
 v - 2 scrolls of enchant armour
 w - 5 scrolls of enchant weapon
 x - 2 scrolls of silence
 A - 2 scrolls of magic mapping
 D - 7 scrolls of teleportation
 F - a scroll of poison
 J - a scroll of identify
Potions
 b - 3 potions of magic
 d - 2 potions of ambrosia
 e - 7 potions of haste
 i - 7 potions of curing
 k - 9 potions of attraction
 o - 5 potions of brilliance
 z - 3 potions of lignification
 C - 2 potions of flight
 E - a potion of resistance
 I - a potion of cancellation
 U - 2 potions of might


   Skills:
 * Level 8.5 Fighting
 + Level 3.9(5.0) Short Blades
 + Level 4.4(5.0) Long Blades
 + Level 2.5 Throwing
 - Level 5.4 Armour
 * Level 11.1 Dodging
 + Level 6.1 Stealth
 - Level 3.4 Shields
 * Level 17.5 Spellcasting
 * Level 8.5 Conjurations
 + Level 11.3 Necromancy
 + Level 5.1 Translocations
 + Level 6.7 Transmutations
 + Level 6.5 Fire Magic
 + Level 6.2 Ice Magic
 + Level 6.0 Air Magic
 * Level 3.4 Earth Magic
 + Level 7.3 Poison Magic
 + Level 0.6 Evocations


You had 2 spell levels left.
You knew the following spells:

 Your Spells              Type           Power      Damage    Failure   Level
a - Necrotise             Necr           100%       1d9       1%          1
b - Foxfire               Conj/Fire      100%       2x1d9     1%          1
c - Mephitic Cloud        Conj/Pois/Air  83%        N/A       1%          3
d - Vampiric Draining     Necr           98%        2d13      1%          3
e - Conjure Ball Lightni  Conj/Air       41%        3x3d13    3%          6
f - Fireball              Conj/Fire      42%        3d17      1%          5
l - Lee's Rapid Deconstr  Erth           32%        3d16*     3%          5
n - Ignite Poison         Fire/Tmut/Pois 81%        N/A       1%          3
t - Teleport Other        Tloc           73%        N/A       1%          3
v - Poisonous Vapours     Pois/Air       100%       N/A       1%          2
w - Wereblood             Tmut           80%        N/A       1%          2
x - Olgreb's Toxic Radia  Pois           83%        N/A       1%          4
y - Sticky Flame          Conj/Fire      84%        2d10      1%          4
z - Freezing Cloud        Conj/Ice/Air   40%        6-21      1%          5

Your spell library contained the following spells:

 Spells                   Type           Power      Damage    Failure   Level
 Kiss of Death            Conj/Necr      100%       2d13      1%          1
 Sting                    Tmut/Pois      100%       1d8       1%          1
 Lesser Beckoning         Tloc           100%       N/A       1%          2
 Static Discharge         Conj/Air       100%       2-7/arc   1%          2
 Sublimation of Blood     Necr           98%        N/A       1%          2
 Dazzling Flash           Conj/Hex       100%       N/A       1%          3
 Gell's Gravitas          Tloc           73%        N/A       1%          3
 Hailstorm                Conj/Ice       83%        3d17      1%          3
 Portal Projectile        Hex/Tloc       100%       N/A       1%          3
 Spider Form              Tmut/Pois      82%        N/A       1%          3
 Vhi's Electric Charge    Tloc/Air       100%       N/A       1%          3
 Anguish                  Hex/Necr       37%        N/A       1%          4
 Animate Dead             Necr           98%        N/A       1%          4
 Manifold Assault         Tloc           73%        N/A       1%          4
 Passage of Golubria      Tloc           73%        N/A       1%          4
 Agony                    Necr           98%        N/A       1%          5
 Starburst                Conj/Fire      42%        6d12      3%          6
 Summon Ice Beast         Ice/Summ       62%        N/A       4%          4
 Iron Shot                Conj/Erth      38%        9d8       5%          6
 Plasma Beam              Fire/Air       39%        2x1d57    5%          6
 Silence                  Hex/Air        31%        N/A       12%         5
 Cause Fear               Hex            20%        N/A       16%         4
 Dispersal                Tloc           36%        N/A       26%         6
 Statue Form              Tmut/Erth      48%        N/A       26%         6
 Summon Mana Viper        Hex/Summ       40%        N/A       38%         5
 Spellforged Servitor     Conj/Summ      34%        N/A       45%         7
 Infestation              Necr           49%        N/A       65%         8
 Ignition                 Fire           39%        3d12      78%         8
 Lehudib's Crystal Spear  Conj/Erth      38%        10d10     83%         8
 Summon Hydra             Summ           20%        N/A       100%        7
 Disjunction              Tloc           36%        N/A       100%        8


Dungeon Overview and Level Annotations

Branches:
Dungeon (12/15)            Temple (0/1) D:6            Lair (5/5) D:11
 Shoals (0/4) Lair:2       Spider (3/4) Lair:3        Slime (0/5) Lair:5
    Orc (2/2) D:10            Elf (0/3) Orc:2        Bailey (visited)

Altars:
Dithmenos
Fedhas
Hepliaklqana
Nemelex Xobeh
Okawaru
Qazlal
Ru
Trog
Uskayaw
Vehumet
Zin
The Shining One
Jiyva

Shops:
D:2 =   D:4 (   D:11 *   Orc:2 **[:

Portals:
Pandemonium: Orc:2

Annotations:
D:8 1 transporter
D:9 Harold
D:10 gargoyle


Message History

You feel your power returning.
The blast of lightning engulfs your ball lightning.
Your ball lightning completely resists.
The blast of lightning engulfs you! You resist.
* * * LOW HITPOINT WARNING * * *
The blast of lightning engulfs the broodmother!!
The broodmother is severely wounded.
Your ball lightning explodes!
The blast of lightning engulfs the redback!!
You feel a bit better.
You kill the redback!
Vehumet accepts your kill.
You feel your power returning.
The blast of lightning engulfs the jumping spider!!
The jumping spider is almost dead.
The blast of lightning engulfs your ball lightning.
Your ball lightning completely resists.
The blast of lightning engulfs you. You resist.
* * * LOW HITPOINT WARNING * * *
The blast of lightning engulfs the broodmother!!
The broodmother is almost dead.
Your ball lightning explodes!
The blast of lightning engulfs the culicivora!
The culicivora is almost dead.
The blast of lightning engulfs your ball lightning.
Your ball lightning completely resists.
The blast of lightning engulfs your ball lightning.
Your ball lightning completely resists.
The blast of lightning engulfs you. You resist.
* * * LOW HITPOINT WARNING * * *
The blast of lightning engulfs the broodmother!!
The broodmother is almost dead.
The culicivora closely misses you.
The orb spider pulsates with a strange energy.
The broodmother bites you.
* * * LOW HITPOINT WARNING * * *
The jumping spider leaps!
An emperor scorpion comes into view.
The broodmother bites you!!
You die...

...... #..B.^
##..^.### s
##.$.....##
..#.s^≈^†.†.#
.#.....^..^.##.
....^.^.○*≈.^..
..^s≈^^@s^≈s^..
..^.≈.s§..≈....
[^#..*..*.^^##.
#...≈≈≈.s.#
#.#...†...#.# #
.##^^^##. .# ##
#...# .. #
#.... .#


You could see a broodmother, an emperor scorpion (distracted), a radroach, a
wolf spider, an orb spider (summoned, charged), a culicivora (summoned, ally
target), 2 jumping spiders and 3 friendly ball lightnings.

Vanquished Creatures
  Rupert (Lair:4)
  2 orc warlords
  Azrael (Orc:2)
  A spark wasp (Spider:1)
  5 entropy weavers
  2 fire dragons (Lair:5)
  A demonspawn (Orc:2)
  3 hydras
  A catoblepas (Lair:5)
  3 jorogumos
  2 boulder beetles (Lair:2)
  3 two-headed ogres
  2 orc high priests (Orc:2)
  A pharaoh ant (Spider:1)
  A sun moth (Spider:1)
  Lodul (D:11)
  A skyshark (Lair:4)
  6 orb spiders
  Pikel (D:6)
  A swamp dragon (Lair:5)
  2 lindwurms (Lair:5)
  2 steelbarb worms (Spider:1)
  An oklob plant (Lair:5)
  2 wolf spiders
  8 orc knights
  7 cyclopes
  9 orc sorcerers (Orc:2)
  2 moths of wrath (Spider:1)
  Joseph (D:7)
  A merfolk siren (Lair:2)
  2 black mambas
  9 elephants (Lair:5)
  7 torpor snails
  A smoke demon (Orc:2)
  A gargoyle (D:11)
  2 demonic crawlers
  11 cane toads
  Psyche (D:11)
  3 rime drakes
  15 komodo dragons
  A red devil (Orc:2)
  2 merfolk (Lair:2)
  A polar bear (D:11)
  6 trolls
  9 hornets
  5 tarantellas
  3 tyrant leeches (Lair:5)
  5 blink frogs (Lair:1)
  5 jumping spiders
  33 yaks
  12 spriggans (Lair:3)
  4 centaur simulacra (D:11)
  4 culicivoras
  5 basilisks
  A chaos spawn (Orc:2)
  3 steam dragons
  5 wyverns
  3 fire elementals (Orc:2)
  13 redbacks
  Menkaure (D:7)
  3 wargs
  2 acid dragons (Lair:5)
  6 ice beasts
  4 hell hounds (Orc:2)
  14 water moccasins
  2 swamp drakes (Lair:5)
  A sky beast (D:6)
  43 orc warriors
  2 black bears
  17 ogres
  2 centaurs
  3 boggarts (Lair:3)
  12 wolves
  A phantom (D:7)
  Blork the orc (D:6)
  4 kobold brigands
  4 gnoll sergeants
  10 bullfrogs
  3 scorpions
  10 wights
  21 killer bees
  2 howler monkeys (D:10)
  An electric eel (D:11)
  2 quasits (D:8)
  6 hounds
  A jelly (D:6)
  Crazy Yiuf (D:7)
  32 orc priests
  2 gnoll boudas
  A sleepcap (D:5)
  7 iguanas
  12 hell rats
  14 orc wizards
  34 gnolls
  9 adders
  3 shadow imps (D:8)
  8 white imps
  4 ufetubi
  A worm (D:4)
  3 dart slugs
  95 orcs
  4 endoplasms
  9 goblins
  6 hobgoblins
  A quokka (D:1)
  6 ball pythons
  4 bats
  4 frilled lizards
  20 kobolds
  A rat (D:2)
  A butterfly (Lair:4)
  2 foxfires (Spider:3)
708 creatures vanquished.

Vanquished Creatures (others)
  An orc high priest (Orc:2)
  A white imp (D:8)
  A kobold (D:8)
  15 ball lightnings
  A foxfire (Spider:3)
19 creatures vanquished.

Grand Total: 727 creatures vanquished

Notes
Turn   | Place    | Note
-------+----------+-------------------------------------------
     0 | D:1      | Esekla the Deep Elf Necromancer began the quest for the
                  | Orb.
     0 | D:1      | Reached XP level 1. HP: 10/10 MP: 6/6
   210 | D:2      | Found Renulab's Jewellery Shop.
   414 | D:4      | Found a glowing silver altar of Zin.
   426 | D:4      | Found an iron altar of Okawaru.
   437 | D:4      | Found a radiant altar of Vehumet.
   447 | D:4      | Became a worshipper of Vehumet
   579 | D:3      | Reached skill level 5 in Necromancy
   705 | D:3      | Reached XP level 2. HP: 11/15 MP: 8/8
   870 | D:3      | Identified the +5 rapier of the Hero {heavy, rN+ Dex+3}
  1025 | D:1      | Reached XP level 3. HP: 16/19 MP: 9/9
  1081 | D:1      | Reached * piety under Vehumet
  1081 | D:1      | Offered knowledge of Foxfire by Vehumet.
  1109 | D:1      | Learned a level 3 spell: Vampiric Draining
  1237 | D:1      | Reached skill level 1 in Short Blades
  1696 | D:2      | Noticed a black bear
  1784 | D:2      | Reached XP level 4. HP: 24/24 MP: 11/11
  2084 | D:2      | Found a faded altar of an unknown god.
  2223 | D:2      | Killed a black bear
  2224 | D:2      | Reached skill level 4 in Spellcasting
  2224 | D:2      | Reached XP level 5. HP: 24/28 MP: 5/13
  2374 | D:2      | Learned a level 1 spell: Foxfire
  2378 | D:2      | Learned a level 3 spell: Teleport Other
  2526 | D:3      | Found a stormy altar of Qazlal.
  2529 | D:3      | Found a hazy altar of Hepliaklqana.
  2529 | D:3      | Found a bloodstained altar of Trog.
  2822 | D:4      | Found Ponaysk's Antique Weapon Boutique.
  2969 | D:4      | Found a glowing golden altar of the Shining One.
  2985 | D:4      | Reached XP level 6. HP: 32/32 MP: 11/14
  3142 | D:4      | Reached skill level 1 in Translocations
  3501 | D:5      | Entered Level 5 of the Dungeon
  3601 | D:5      | Got the Parchment of the Lumpy Olives
  3627 | D:5      | Found a shadowy altar of Dithmenos.
  3763 | D:5      | Reached skill level 5 in Spellcasting
  3910 | D:5      | Reached XP level 7. HP: 36/36 MP: 13/16
  4094 | D:5      | Reached ** piety under Vehumet
  4108 | D:5      | Offered knowledge of Poisonous Vapours by Vehumet.
  4112 | D:5      | Learned a level 2 spell: Poisonous Vapours
  4457 | D:6      | Reached skill level 6 in Spellcasting
  4680 | D:6      | Reached skill level 1 in Air Magic
  4680 | D:6      | Reached skill level 1 in Poison Magic
  4680 | D:6      | Reached XP level 8. HP: 37/41 MP: 15/19
  4690 | D:6      | Reached skill level 1 in Throwing
  4792 | D:6      | Found a staircase to the Ecumenical Temple.
  4827 | D:6      | Noticed Pikel
  4843 | D:6      | Killed Pikel
  4844 | D:6      | Reached skill level 7 in Spellcasting
  4938 | D:7      | Found a runed translucent door.
  4939 | D:7      | Noticed Crazy Yiuf
  4949 | D:7      | Killed Crazy Yiuf
  5118 | D:7      | Reached skill level 8 in Spellcasting
  5190 | D:7      | Noticed Menkaure
  5197 | D:7      | Killed Menkaure
  5354 | D:7      | Reached XP level 9. HP: 45/45 MP: 23/23
  5398 | D:7      | Reached skill level 9 in Spellcasting
  5693 | D:7      | Noticed Joseph
  5803 | D:7      | Reached skill level 5 in Dodging
  5876 | D:7      | Killed Joseph
  5876 | D:7      | Offered knowledge of Static Discharge by Vehumet.
  5883 | D:7      | Learned a level 2 spell: Static Discharge
  5972 | D:8      | Noticed a two-headed ogre
  6077 | D:8      | Reached *** piety under Vehumet
  6616 | D:7      | Offered knowledge of Mephitic Cloud by Vehumet.
  6623 | D:7      | Learned a level 3 spell: Mephitic Cloud
  6656 | D:8      | Reached skill level 10 in Spellcasting
  6752 | D:8      | Found a hide-covered altar of Uskayaw.
  6762 | D:8      | Reached skill level 1 in Shields
  6831 | D:8      | Reached skill level 10 in Necromancy
  7062 | D:8      | Found a transporter.
  7062 | D:8      | Found a transporter.
  7063 | D:8      | Found a transporter.
  7100 | D:8      | Found a transporter.
  7324 | D:8      | Killed a two-headed ogre
  7325 | D:8      | Reached skill level 1 in Long Blades
  7325 | D:8      | Reached skill level 1 in Conjurations
  7325 | D:8      | Reached XP level 10. HP: 50/50 MP: 26/26
  7687 | D:9      | Found a flagged portal.
  7706 | Bailey   | Entered a bailey
  7847 | Bailey   | Reached skill level 5 in Stealth
  7913 | Bailey   | Identified the +2 bardiche of Puhoisos {heavy, rElec
                  | Stlth+}
  8078 | Bailey   | Noticed an orc knight
  8078 | Bailey   | Noticed an orc knight
  8106 | Bailey   | Killed an orc knight
  8148 | Bailey   | Killed an orc knight
  8149 | Bailey   | Reached skill level 11 in Spellcasting
  8149 | Bailey   | Reached skill level 5 in Translocations
  8231 | D:9      | Noticed a two-headed ogre
  8271 | D:9      | Killed a two-headed ogre
  8271 | D:9      | Reached **** piety under Vehumet
  8272 | D:9      | Reached skill level 1 in Fighting
  8512 | D:6      | Noticed Blork the orc
  8524 | D:6      | Killed Blork the orc
  8736 | D:6      | Offered knowledge of Dazzling Flash by Vehumet.
  8750 | D:6      | Found a blossoming altar of Fedhas.
  8760 | D:6      | Learned a level 3 spell: Dazzling Flash
  9193 | D:9      | Found a sparkling altar of Nemelex Xobeh.
  9300 | D:9      | Noticed Harold
  9623 | D:9      | Noticed a cyclops
  9726 | D:9      | Killed a cyclops
  9733 | D:9      | Reached XP level 11. HP: 57/57 MP: 28/28
  9928 | D:10     | Entered Level 10 of the Dungeon
  9975 | D:10     | Reached ***** piety under Vehumet
 10039 | D:10     | Reached skill level 12 in Spellcasting
 10052 | D:10     | Offered knowledge of Conjure Ball Lightning by Vehumet.
 10063 | D:10     | Learned a level 6 spell: Conjure Ball Lightning
 10196 | D:10     | Found a sacrificial altar of Ru.
 10602 | D:10     | Found a staircase to the Orcish Mines.
 10686 | Orc:1    | Entered Level 1 of the Orcish Mines
 10691 | Orc:1    | Noticed an orc knight
 10895 | D:2      | Bought the ring of the Mage {Wiz Archmagi} for 714 gold
                  | pieces
 10895 | D:2      | Found the ring of the Mage {Wiz Archmagi}
 11350 | D:11     | Reached skill level 1 in Armour
 11432 | D:11     | Found a staircase to the Lair.
 11727 | D:12     | Learned a level 2 spell: Wereblood
 11797 | D:11     | Reached skill level 13 in Spellcasting
 11844 | D:12     | Found a portal to a secret trove of treasure.
 11930 | D:12     | Learned a level 5 spell: Freezing Cloud
 11955 | Trove    | Entered a treasure trove
 11964 | Trove    | Identified the ring of Akemeir {Fire Str+4}
 11977 | Trove    | Identified the ring of Descent {rPois rC+ Int+5 Stlth-}
 11984 | Trove    | Identified the +3 ring mail "Poady" {+Inv rF+ Dex+2 Slay-4}
 12069 | D:12     | Learned a level 5 spell: Fireball
 12323 | D:11     | Got Simple Magic
 12451 | D:11     | Noticed Lodul
 12459 | D:11     | Killed Lodul
 12460 | D:11     | Reached skill level 1 in Fire Magic
 12462 | D:11     | Reached skill level 1 in Ice Magic
 12463 | D:11     | Reached skill level 1 in Transmutations
 12477 | D:11     | Reached XP level 12. HP: 66/66 MP: 11/31
 12570 | D:11     | Noticed Psyche
 12571 | D:11     | Noticed a two-headed ogre
 12581 | D:11     | Killed Psyche
 12584 | D:11     | Killed a two-headed ogre
 12859 | D:11     | Found Fagafuf's Pet Rocks.
 13028 | Lair:1   | Entered Level 1 of the Lair of Beasts
 13396 | Lair:1   | Reached skill level 5 in Conjurations
 14170 | Lair:2   | Reached skill level 14 in Spellcasting
 14419 | Lair:2   | Found a transporter.
 14419 | Lair:2   | Found a transporter.
 14420 | Lair:2   | Noticed a boulder beetle
 14420 | Lair:2   | Noticed a boulder beetle
 14437 | Lair:2   | Killed a boulder beetle
 14438 | Lair:2   | Reached skill level 5 in Poison Magic
 14441 | Lair:2   | Killed a boulder beetle
 14442 | Lair:2   | Reached skill level 5 in Fighting
 14689 | Lair:2   | Found a staircase to the Shoals.
 14964 | Lair:3   | Found a hole to the Spider Nest.
 15016 | Lair:3   | Identified the +3 leather armour of Okawaru's Inspiration
                  | {Str+4}
 15046 | Lair:3   | Noticed a six-headed hydra
 15051 | Lair:3   | Killed a six-headed hydra
 15052 | Lair:3   | Reached XP level 13. HP: 72/72 MP: 29/33
 15549 | Lair:3   | Reached skill level 5 in Air Magic
 16150 | Lair:4   | Learned a level 3 spell: Ignite Poison
 16248 | Lair:4   | You fall into a shaft and drop 1 floor!
 16248 | Lair:5   | Entered Level 5 of the Lair of Beasts
 16465 | Lair:4   | Noticed Rupert
 16473 | Lair:4   | Killed Rupert
 16474 | Lair:4   | Reached skill level 15 in Spellcasting
 16474 | Lair:4   | Reached skill level 5 in Transmutations
 16945 | Lair:4   | Learned a level 4 spell: Sticky Flame
 17200 | Lair:5   | Reached skill level 10 in Dodging
 17214 | Lair:5   | Reached XP level 14. HP: 72/80 MP: 23/35
 17301 | Lair:5   | Found a runed translucent door.
 17348 | Lair:5   | Reached skill level 5 in Fire Magic
 17420 | Lair:5   | Reached skill level 5 in Ice Magic
 18230 | Lair:5   | Got Utragud's Papyrus of the Inquisitive Olives
 18530 | Lair:5   | Found a viscous altar of Jiyva.
 18530 | Lair:5   | Found a staircase to the Slime Pits.
 19055 | Orc:2    | Entered Level 2 of the Orcish Mines
 19166 | Orc:2    | Reached skill level 5 in Armour
 19253 | Orc:2    | Found a staircase to the Elven Halls.
 19256 | Orc:2    | Noticed an orc warlord
 19269 | Orc:2    | Killed an orc warlord
 19270 | Orc:2    | Reached skill level 16 in Spellcasting
 19810 | D:4      | Bought the +8 arc blade {discharge, rElec} for 1740 gold
                  | pieces
 19810 | D:4      | Found the +8 arc blade {discharge, rElec}
 19993 | Orc:1    | Noticed an orc warlord
 19994 | Orc:1    | Offered knowledge of Iskenderun's Battlesphere by Vehumet.
 20004 | Orc:1    | Killed an orc warlord
 20248 | Orc:2    | Found Roezostra's General Store.
 20305 | Orc:2    | Found Bamnuus's General Store.
 20326 | Orc:2    | Noticed Azrael
 20330 | Orc:2    | Killed Azrael
 20469 | Orc:2    | Offered knowledge of Spellforged Servitor by Vehumet.
 20508 | Orc:2    | Reached skill level 1 in Earth Magic
 20753 | Orc:2    | Found Jyohez's Book Shop.
 20753 | Orc:2    | Found Huzal's Antique Armour Boutique.
 20754 | Orc:2    | Found a one-way gate leading to the halls of Pandemonium.
 20842 | Orc:2    | Bought a scroll of identify for 34 gold pieces
 20872 | Orc:2    | Bought a runed helmet for 270 gold pieces
 21080 | Spider:1 | Entered Level 1 of the Spider Nest
 21145 | Spider:1 | Reached XP level 15. HP: 87/88 MP: 34/37
 21236 | Spider:1 | Identified the +1 pair of boots of Piysunuo {Str+3}
 21320 | Lair:3   | Learned a level 7 spell: Spellforged Servitor
 21521 | Orc:2    | Bought a Young Poisoner's Handbook for 300 gold pieces
 21526 | Orc:2    | Learned a level 4 spell: Olgreb's Toxic Radiance
 22035 | Spider:1 | Reached skill level 17 in Spellcasting
 22204 | Lair:3   | Acquired 1247 gold pieces
 22205 | Lair:3   | Acquired the +0 pair of fencer's gloves {Riposte Dex+3}
 22205 | Lair:3   | Found the +0 pair of fencer's gloves {Riposte Dex+3}
 22206 | Lair:3   | Acquired the Catalogue of the Deathly Tektite
 22480 | D:2      | Bought the ring of Greed {rElec rPois rN+ AC+4 Str-2} for
                  | 758 gold pieces
 22480 | D:2      | Bought a ring of see invisible for 210 gold pieces
 23237 | Spider:2 | Offered knowledge of Lee's Rapid Deconstruction by Vehumet.
 23245 | Spider:2 | Learned a level 5 spell: Lee's Rapid Deconstruction
 23497 | Spider:3 | Noticed an emperor scorpion
 23497 | Spider:3 | Demolished by a broodmother

Illustrated notes

Levels and vault maps discovered:
D:1:      sevenhm_arrival_forest_fort_small_3, layout_rooms,
          chequers_serial_rivers_room_b, minmay_misc_feat_five
D:2:      layout_loops_ring, dreamdust_ecumenical_altar_angels_and_demons,
          serial_shops, shop
D:3:      layout_basic, grunt_temple_overflow_open, minmay_misc_feat_iff
D:4:      layout_basic, nicolae_overflow_quartered_altars, serial_shops,
          nicolae_diamond_shop
D:5:      layout_loops_ring, lemuel_doored_altar, minmay_misc_feat_rows,
          dreamdust_wishing_well
D:6:      layout_loops_cross, fedhas_altar_fruit_tree,
          minmay_temple_entry_glass, uniq_pikel, uniq_blork_the_orc
D:7:      layout_basic, uniq_menkaure, uniq_joseph, uniq_crazy_yiuf_cottage
D:8:      layout_basic, nicolae_uskayaw_dance_hall, serial_demonic,
          serial_demonic_d, serial_demonic_a, serial_demonic_c,
          serial_demonic_c, nicolae_diode_quadrants
D:9:      layout_irregular_city, kennysheep_little_box, enter_bailey_4,
          minmay_between, uniq_harold
D:10:     layout_basic, nicolae_ru_awakened_eye
D:11:     layout_rooms, hellmonk_lair_entry_icy, serial_ice, serial_ice_j,
          serial_ice_m, serial_ice_o, serial_ice_c, serial_ice_g, serial_ice_f,
          guppyfry_shop_earth, uniq_psyche, uniq_lodul
D:12:     layout_roguey, nicolae_trove_entry_crossroad
Lair:1:   layout_small_grid
Lair:2:   gammafunk_boulding_lane, layout_small_grid, elwin_shoals_entry_rooms
Lair:3:   kb_forest_paths, layout_chaotic_city, spider_nest_entry_rubble
Lair:4:   layout_hall_layers, grunt_megastairs_3, lemuel_fruit_fields,
          uniq_rupert
Lair:5:   guppyfry_lair_end_dragon, layout_misc_corridors, wormcave,
          dpeg_slime_entry_enclosed
Spider:1: layout_spider_delve, nicolae_spider_some_kinda_spiderbox
Spider:2: layout_spider_delve, nicolae_spider_twisty_arc_passages
Spider:3: layout_chambers, nicolae_orb_stairs
Orc:1:    layout_caves
Orc:2:    pf_orc_diabolical, layout_diamond_mine, uniq_azrael

Skill      XL: |  1  2  3  4  5  6  7  8  9 10 11 12 13 14 15 |
---------------+----------------------------------------------+-----
Necromancy     | 5 6 7 8 10 11 | 11.3
Stealth        | 3 4 5 6 |  6.1
Short Blades   | 1 2 3 |  3.9
Dodging        | 3 4 5 6 8 9 10 11 | 11.1
Spellcasting   | 4 5 6 8 10 11 13 14 15 16 17 | 17.5
Translocations | 1 2 3 4 5 |  5.1
Air Magic      | 1 2 3 4 5 6 |  6.0
Poison Magic   | 1 2 3 4 5 6 7 |  7.3
Throwing       | 1 2 |  2.5
Shields        | 1 2 3 |  3.4
Long Blades    | 1 2 3 4 |  4.4
Conjurations   | 1 3 4 5 6 8 |  8.5
Fighting       | 2 4 5 6 7 8 |  8.5
Armour         | 2 4 5 |  5.4
Fire Magic     | 1 3 4 6 |  6.5
Ice Magic      | 1 3 4 6 |  6.2
Transmutations | 1 4 5 6 |  6.7
Earth Magic    | 1 3 |  3.4
Evocations     | |  0.6

Action                     |  1- 3 |  4- 6 |  7- 9 | 10-12 | 13-15 || total
---------------------------+-------+-------+-------+-------+-------++-------
  Melee: Short sword       |    34 |       |       |       |       ||    34
         Unarmed           |     9 |       |       |       |       ||     9
         Rapier            |    50 |     3 |    16 |    35 |    64 ||   168
         Punch             |     1 |     2 |     3 |       |       ||     6
         Dagger            |       |   121 |    93 |       |       ||   214
         Scimitar          |       |       |    71 |   283 |   129 ||   483
  Throw: Dart              |       |    13 |    33 |    12 |       ||    58
         Boomerang         |       |       |       |     9 |    20 ||    29
   Cast: Vampiric Draining |       |    30 |    67 |    96 |    68 ||   261
         Necrotise         |       |     1 |       |       |       ||     1
         Teleport Other    |       |       |     3 |     6 |       ||     9
         Poisonous Vapours |       |       |    18 |   157 |   190 ||   365
         Mephitic Cloud    |       |       |     2 |    30 |    25 ||    57
         Static Discharge  |       |       |       |     2 |       ||     2
         Fireball          |       |       |       |    11 |     1 ||    12
         Freezing Cloud    |       |       |       |    15 |    49 ||    64
         Wereblood         |       |       |       |     4 |    21 ||    25
         Ignite Poison     |       |       |       |       |    92 ||    92
         Sticky Flame      |       |       |       |       |    13 ||    13
         Conjure Ball Ligh |       |       |       |       |     6 ||     6
         Olgreb's Toxic Ra |       |       |       |       |     6 ||     6
         Foxfire           |       |       |       |       |     2 ||     2
  Evoke: Wand              |       |     1 |     8 |    13 |     3 ||    25
    Use: Scroll            |     1 |       |     9 |    12 |    11 ||    33
         Potion            |       |       |     2 |     4 |     2 ||     8
   Stab: Sleeping          |     6 |     2 |     8 |    11 |     4 ||    31
         Distracted        |     1 |       |       |       |       ||     1
         Confused          |       |       |       |     5 |     5 ||    10
 Armour: Robe              |    16 |    20 |    35 |     1 |       ||    72
         Steam dragon scal |       |       |       |    95 |       ||    95
         Troll leather arm |       |       |       |    23 |    94 ||   117
  Dodge: Dodged            |    50 |    69 |   157 |   316 |   193 ||   785
  Block: Buckler           |       |       |       |    78 |    54 ||   132
Riposte: Rapier            |       |       |       |       |     2 ||     2
